 Dungeon Crawl Stone Soup version 0.24.0-123-gd5b16e6ec5 (webtiles) character file.

Game seed: 17749896312724765985, levelgen mode: deterministic

245 Gynju the Poker (level 5, -3/41 HPs)
             Began as a Demonspawn Gladiator on Feb 13, 2020.
             Slain by Sigmund
             ... wielding a +0 scythe
              (7 damage)
             ... on level 3 of the Dungeon.
             The game lasted 00:05:13 (3869 turns).

Gynju the Poker (Demonspawn Gladiator)              Turns: 3869, Time: 00:05:13

Health: -3/41      AC: 10    Str: 16    XL:     5   Next: 84%
Magic:  5/5        EV:  9    Int:  9    God:
Gold:   105        SH:  0    Dex: 14    Spells: 4/4 levels left

rFire    . . .     SeeInvis .   n - +3 quarterstaff (chaos)
rCold    . . .     Gourm    .   (shield currently unavailable)
rNeg     . . .     Faith    .   m - +0 chain mail
rPois    .         Spirit   .   c - +0 helmet
rElec    .         Reflect  .   p - +0 cloak
rCorr    .         Harm     .   (no gloves)
MR       .....                  (no boots)
Stlth    ..........             (no amulet)
HPRegen  0.13/turn              (no ring)
MPRegen  0.09/turn              (no ring)

@: drained
A: hooves 2, repulsion field 1
a: no special abilities


You were on level 3 of the Dungeon.
You were hungry.

You visited 1 branch of the dungeon, and saw 3 of its levels.

You collected 105 gold pieces.

Inventory:

Hand Weapons
 a - a +0 trident
 n - a +3 quarterstaff of chaos (weapon)
Missiles
 d - 3 throwing nets (quivered)
Armour
 c - a +0 helmet (worn)
 m - a +0 chain mail (worn)
 p - a +0 cloak (worn)
Scrolls
 b - 3 scrolls of identify {unknown}
 h - 2 scrolls of fog {unknown}
 i - 2 scrolls of remove curse {unknown}
 o - a scroll of amnesia {unknown}
 t - 3 scrolls of teleportation {unknown}
 u - a scroll of enchant weapon {unknown}
Potions
 e - 4 potions of mutation {unknown}
 g - a potion of curing {unknown}
 j - a potion of resistance {unknown}
 k - a potion of berserk rage {unknown}
 l - a potion of lignification {unknown}
 q - a potion of degeneration {unknown}
 r - a potion of magic {unknown}
Comestibles
 f - 3 rations
 s - 2 chunks of flesh


   Skills:
 + Level 3.4(2.6) Fighting
 + Level 3.7(2.9) Polearms
 + Level 3.1(2.3) Throwing
 + Level 3.7(2.9) Dodging


You had 4 spell levels left.
You didn't know any spells.
Your spell library was empty.

Dungeon Overview and Level Annotations

Branches:
Dungeon (3/15)

Altars:
Qazlal
Vehumet

Annotations:
D:3 Sigmund


Innate Abilities, Weirdness & Mutations

You have hoof-like feet.
You are surrounded by a mild repulsion field. (EV +2)


Message History

You miss something.
You hear some strange, mumbled words.
Something tries to affect you, but you resist.
You miss something.
You feel less confused.
You hear some strange, mumbled words.
Something tries to affect you, but you resist.
You closely miss something. You kick something.
You hear some strange, mumbled words.
Something tries to affect you, but you resist.
You closely miss something.
You are feeling hungry.
Something hits you but does no damage.
You hit something but do no damage.
Nothing appears to happen.
Something hits you!
You miss something. You kick something! Something hits you!
* * * LOW HITPOINT WARNING * * *
Something hits you but does no damage.
You hit something. Something hits you!
You die...

#.##.#..#....##.#.## #
#.##...............#.#
........#.#.###...##.#####
..................).......
.......#.##..##....#.#####
###..........##....# # .#
#+ +# ##. #....# #
#..##....# # #....{@..# #
##.##....# # # #....# #
#..^.# # #....# # #....#
#.(..# #....# .....#


There were no monsters in sight!

Vanquished Creatures
  Crazy Yiuf (D:2)
  Jessica (D:2)
  Natasha (twice) (D:2)
  4 gnolls (D:3)
  2 adders
  3 oozes
  2 worms
  4 dart slugs (D:1)
  3 leopard geckos
  9 goblins
  7 hobgoblins
  2 jackals (D:1)
  5 kobolds
  2 ball pythons (D:1)
  6 bats
  3 frilled lizards
  8 rats
64 creatures vanquished.

Vanquished Creatures (others)
  8 toadstools (D:3)
8 creatures vanquished.

Grand Total: 72 creatures vanquished

Notes
Turn   | Place    | Note
-------+----------+-------------------------------------------
     0 | D:1      | Gynju the Demonspawn Gladiator began the quest for the Orb.
     0 | D:1      | Reached XP level 1. HP: 16/16 MP: 1/1
    44 | D:1      | Gained mutation: You have large cloven feet. [demonic
                  | ancestry]
    44 | D:1      | Reached XP level 2. HP: 16/22 MP: 2/2
   542 | D:1      | Gained mutation: You have hoof-like feet. [demonic
                  | ancestry]
   542 | D:1      | Reached XP level 3. HP: 11/28 MP: 3/3
  1663 | D:2      | Found a stormy altar of Qazlal.
  1869 | D:2      | Found a radiant altar of Vehumet.
  2079 | D:2      | Noticed Natasha
  2084 | D:2      | Killed Natasha
  2084 | D:2      | Reached XP level 4. HP: 27/34 MP: 4/4
  2240 | D:2      | Noticed Natasha
  2250 | D:2      | Killed Natasha
  2511 | D:2      | Noticed Jessica
  2526 | D:2      | Killed Jessica
  2526 | D:2      | Gained mutation: You are surrounded by a mild repulsion
                  | field. (EV +2) [demonic ancestry]
  2526 | D:2      | Reached XP level 5. HP: 24/41 MP: 5/5
  2731 | D:2      | Found a runed translucent door.
  2732 | D:2      | Noticed Crazy Yiuf
  3094 | D:2      | Killed Crazy Yiuf
  3843 | D:3      | Noticed Sigmund
  3869 | D:3      | Slain by Sigmund

Levels and vault maps discovered:
D:1:      erik_arrival_gehennom, layout_loops_ring, minmay_split_cup_small
D:2:      layout_basic, vehumet_crystals, grunt_qazlal_clouds,
          serial_park_tiny_1, minmay_misc_feat_nine_boxes, uniq_jessica,
          uniq_natasha, uniq_crazy_yiuf_cottage
D:3:      cheibrodos_fertilizer, layout_basic, uniq_sigmund

Skill      XL: |  1  2  3  4  5 |
---------------+----------------+-----
Throwing       | 2 3 |  3.1
Polearms       | 3 |  3.7
Dodging        | 3 |  3.7
Fighting       | 3 |  3.4

Action                   |  1- 3 |  4- 6 || total
-------------------------+-------+-------++-------
Melee: Trident           |   143 |    26 ||   169
       Kick              |    32 |    24 ||    56
       Quarterstaff      |       |    52 ||    52
 Stab: Sleeping          |     2 |       ||     2
  Eat: Chunk             |     4 |     5 ||     9
Armor: Leather armour    |    38 |       ||    38
       Chain mail        |     3 |    38 ||    41
Dodge: Dodged            |    79 |    35 ||   114
